 Dungeon Crawl Stone Soup version 0.31-a0-369-g8eba5f6939 (webtiles) character file.

Game seed: 13515974880136163639

668135 Midn8 the Middleweight Champion (level 27, -92/235 HPs)
             Began as a Demonspawn Shapeshifter on July 28, 2023.
             Was the Champion of Wu Jian.
             Annihilated by a titanic slime creature (121 damage)
             ... summoned by a demonspawn corrupter
             ... in Pandemonium on July 29, 2023.
             The game lasted 03:53:51 (55872 turns).

Midn8 the Middleweight Champion (DsSh)             Turns: 55872, Time: 03:53:52

Health: -92/235    AC: 17    Str: 22    XL:     27
Magic:  3/23       EV:  9    Int: 16    God:    Wu Jian [******]
Gold:   4739       SH: 13    Dex: 19    Spells: 26/26 levels left

rFire   + .          .
                       - Unarmed
rCold   + + +        X - +0 kite shield "Maixtoa" {rElec Regen+ Int-2}
rNeg    + + +        Q - +8 crystal plate armour {rC+}
rPois   ∞            t - +2 helmet
rElec   +            (cloak unavailable)
rCorr   .            G - +0 pair of gloves of New Discoveries {Str+3 Int+4}
SInv    +            l - +2 pair of boots {Fly}
Will    ++++.        T - amulet of regeneration Stlth
                     n - ring of Anyo {rPois rF+ rC+ rN+ Str-3 Int+4}
HPRegen 2.19/turn    C - ring "Afeil" {AC+4 SInv}
MPRegen 0.18/turn

%: clarity
@: about to teleport, death-form, corroded, on siphon cooldown, flying, studying
2 skills
A: vile attack, torment immunity, no potions, slimy green scales 3, hurl
damnation, ignite blood 3, spiny 3, torment resistance 1, demonic willpower,
weakness stinger 3, fangs 1, clarity, clumsy 1
}: 5/15 runes: decaying, slimy, silver, abyssal, gossamer
a: Hurl Damnation, Siphon Essence, Begin Untransformation, Renounce Religion,
Wall Jump, Serpent's Lash, Heavenly Storm


You were in Pandemonium.
You worshipped Wu Jian.
Wu Jian was exalted by your worship.
You were an undying horror.
You visited 10 branches of the dungeon, and saw 52 of its levels.
You visited Pandemonium 1 time, and saw 3 of its levels.
You visited the Abyss 1 time.
You also visited: Ossuary, Gauntlet, Ice Cave and Volcano.

You collected 7850 gold pieces.
You spent 3111 gold pieces at shops.

Inventory:

Missiles
 d - 16 curare-tipped darts
 f - 28 boomerangs
 j - 47 poisoned darts
 I - 4 silver javelins
 Y - 13 javelins
 Z - 5 throwing nets
Armour
 l - a +2 pair of boots of flying (worn)
 t - a +2 helmet (worn)
 G - the +0 pair of gloves of New Discoveries (worn) {Str+3 Int+4}
   (You found it on level 4 of the Spider Nest)

   Str:       It affects your strength (+3).
   Int:       It affects your intelligence (+4).
 Q - a +8 crystal plate armour of cold resistance (worn)
 X - the +0 kite shield "Maixtoa" (worn) {rElec Regen+ Int-2}
   (You found it on level 5 of the Lair of Beasts)

   Int:       It affects your intelligence (-2).
   rElec:     It insulates you from electricity.
   Regen:     It increases your rate of health regeneration.
Jewellery
 n - the ring of Anyo (left hand) {rPois rF+ rC+ rN+ Str-3 Int+4}
   (You took it off a deep elf annihilator on level 3 of the Elven Halls)

   [ring of positive energy]

   Str:       It affects your strength (-3).
   Int:       It affects your intelligence (+4).
   rF:        It protects you from fire.
   rC:        It protects you from cold.
   rPois:     It protects you from poison.
   rN:        It protects you from negative energy.
 C - the ring "Afeil" (right hand) {AC+4 SInv}
   (You took it off a minotaur in a Gauntlet)

   [ring of protection]

   AC:        It affects your AC (+4).
   SInv:      It lets you see invisible.
 E - the ring "Rueg" {rElec rCorr}
   (You found it on level 4 of the Realm of Zot)

   [ring of resist corrosion]

   rElec:     It insulates you from electricity.
   rCorr:     It protects you from acid and corrosion.
 M - a +6 ring of strength
 T - an amulet of regeneration (around neck)
Talismans
 o - a storm talisman
 F - a talisman of death
Wands
 a - a wand of paralysis (64)
 u - a wand of polymorph (28)
 B - a wand of flame (199)
 H - a wand of acid (32)
 L - a wand of iceblast (66)
 N - a wand of mindburst (25)
 R - a wand of digging (7)
Scrolls
 e - 2 scrolls of summoning
 h - 8 scrolls of amnesia
 i - 13 scrolls of teleportation
 q - a scroll of acquirement
 s - 11 scrolls of immolation
 v - 5 scrolls of vulnerability
 x - 7 scrolls of blinking
 y - 14 scrolls of fear
 D - 9 scrolls of fog
 S - 5 scrolls of silence
 U - 2 scrolls of revelation
 V - 6 scrolls of torment
Potions
 b - 11 potions of haste
 g - 11 potions of enlightenment
 k - a potion of cancellation
 m - 9 potions of might
 p - 14 potions of curing
 r - 10 potions of brilliance
 w - 6 potions of invisibility
 z - 4 potions of mutation
 A - 19 potions of heal wounds
 O - 8 potions of ambrosia
 P - 6 potions of berserk rage
 W - 4 potions of resistance
Miscellaneous
 c - a phantom mirror
 J - a tin of tremorstones (2/2)
 K - a lightning rod (4/4)


   Skills:
 + Level 23.2 Fighting
 - Level 16.0 Armour
 - Level 12.0 Dodging
 - Level 12.0 Shields
 O Level 27 Unarmed Combat
 - Level 6.0 Evocations
 - Level 21.0 Shapeshifting


You had 26 spell levels left.
You didn't know any spells.
Your spell library contained the following spells:

 Spells                   Type           Power      Damage    Failure   Level
 Kiss of Death            Conj/Necr      0%         2d5       100%        1
 Magic Dart               Conj           0%         1d3       100%        1
 Necrotise                Necr           0%         1d4       100%        1
 Sting                    Tmut/Pois      0%         1d3       100%        1
 Blink                    Tloc           0%         N/A       100%        2
 Ensorcelled Hibernation  Hex/Ice        0%         N/A       100%        2
 Lesser Beckoning         Tloc           0%         N/A       100%        2
 Passwall                 Tmut/Erth      0%         N/A       100%        2
 Poisonous Vapours        Pois/Air       0%         N/A       100%        2
 Searing Ray              Conj           0%         2d4       100%        2
 Call Canine Familiar     Summ           0%         N/A       100%        3
 Confusing Touch          Hex            0%         N/A       100%        3
 Frozen Ramparts          Ice            0%         1d1       100%        3
 Gell's Gravitas          Tloc           0%         N/A       100%        3
 Inner Flame              Hex/Fire       0%         N/A       100%        3
 Portal Projectile        Hex/Tloc       0%         N/A       100%        3
 Stone Arrow              Conj/Erth      0%         3d7       100%        3
 Summon Guardian Golem    Hex/Summ       0%         N/A       100%        3
 Swiftness                Air            0%         N/A       100%        3
 Teleport Other           Tloc           0%         N/A       100%        3
 Tukima's Dance           Hex            0%         N/A       100%        3
 Vampiric Draining        Necr           0%         2d6       100%        3
 Vhi's Electric Charge    Tloc/Air       0%         N/A       100%        3
 Volatile Blastmotes      Fire/Tloc      0%         2d10      100%        3
 Animate Armour           Summ/Erth      0%         N/A       100%        4
 Dispel Undead            Necr           0%         3d6       100%        4
 Fulminant Prism          Conj/Hex       0%         3d5       100%        4
 Leda's Liquefaction      Hex/Erth       0%         N/A       100%        4
 Manifold Assault         Tloc           0%         N/A       100%        4
 Olgreb's Toxic Radiance  Pois           0%         N/A       100%        4
 Passage of Golubria      Tloc           0%         N/A       100%        4
 Petrify                  Tmut/Erth      0%         N/A       100%        4
 Summon Lightning Spire   Summ/Air       0%         N/A       100%        4
 Agony                    Necr           0%         N/A       100%        5
 Arcjolt                  Conj/Air       0%         1d10      100%        5
 Fireball                 Conj/Fire      0%         3d3       100%        5
 Iskenderun's Battlesphe  Conj           0%         2d6       100%        5
 Lee's Rapid Deconstruct  Erth           0%         3d4*      100%        5
 Metabolic Englaciation   Hex/Ice        0%         N/A       100%        5
 Summon Forest            Summ/Tloc      0%         N/A       100%        5
 Summon Mana Viper        Hex/Summ       0%         N/A       100%        5
 Yara's Violent Unravell  Hex/Tmut       0%         3d3       100%        5
 Eringya's Noxious Bog    Tmut/Pois      0%         4d6       100%        6
 Leda's Unmaking          Conj/Erth      0%         9d1       100%        6
 Plasma Beam              Fire/Air       0%         2x1d10    100%        6
 Simulacrum               Ice/Necr       0%         N/A       100%        6
 Summon Cactus Giant      Summ           0%         N/A       100%        6
 Malign Gateway           Summ/Tloc      0%         N/A       100%        7
 Orb of Destruction       Conj           0%         9d5       100%        7
 Ozocubu's Refrigeration  Ice            0%         4d7       100%        7
 Spellforged Servitor     Conj/Summ      0%         N/A       100%        7
 Summon Hydra             Summ           0%         N/A       100%        7
 Discord                  Hex            0%         N/A       100%        8
 Ignition                 Fire           0%         3d3       100%        8
 Lehudib's Crystal Spear  Conj/Erth      0%         10d2      100%        8
 Maxwell's Capacitive Co  Air            0%         ∞         100%        8
 Summon Horrible Things   Summ           0%         N/A       100%        8
 Chain Lightning          Conj/Air       0%         N/A       100%        9
 Fire Storm               Conj/Fire      0%         5d1       100%        9
 Polar Vortex             Ice            0%         N/A       100%        9
 Shatter                  Erth           0%         3d5*      100%        9


Dungeon Overview and Level Annotations

Branches:
Dungeon (15/15)            Temple (0/1) D:7            Lair (5/5) D:9
  Swamp (4/4) Lair:3       Spider (4/4) Lair:3        Slime (5/5) Lair:4
    Orc (2/2) D:11            Elf (3/3) Orc:2        Vaults (5/5) D:14
  Crypt (0/3) Vaults:3     Depths (4/4) D:15            Zot (5/5) Depths:4
Ossuary (visited)           IceCv (visited)         Volcano (visited)
Gauntlet (visited)

Altars:
Ashenzari
Fedhas
Kikubaaqudgha
Nemelex Xobeh
Sif Muna
Trog
Wu Jian
Yredelemnul
Jiyva

Shops:
D:2 :   D:8 :   Orc:1 *   Orc:2 [(:*[   Elf:1 [   Elf:2 *   Elf:3 *
Vaults:3 [:*   Vaults:4 (   Depths:1 :

Portals:
Hell: Depths:1 Depths:2 Depths:3 Depths:4
Abyss: Depths:1 Depths:2 Depths:3*
Pandemonium: Depths:2 Depths:3 Depths:4
Ziggurat: Depths:1
Trove: Depths:3 (give 2 scrolls of acquirement)

Annotations:
Lair:3 exclusion: oklob plant
Swamp:3 1 runed translucent door
Swamp:4 exclusions: oklob plant and 1 more exclusion
Elf:2 3 runed translucent doors
Vaults:4 3 runed translucent doors, bobo's ghost, veteran DjFE
Depths:2 6 runed translucent doors


Innate Abilities, Weirdness & Mutations

You are an undying horror.
Your melee and unarmed attacks drain, slow and weaken victims.
You are immune to unholy pain and torment.
You cannot drink.
You are completely covered in slimy green scales. (AC +4, rPois)
You can hurl damnation.
Your demonic aura causes all spilled blood to erupt in flames.
You are completely covered in sharp spines.
You are resistant to unholy torment.
You punish those that try to bend your will. (Will+)
You have a sharp stinger which inflicts weakening toxins.
You have very sharp teeth.
You possess an exceptional clarity of mind.
You are clumsy. (Dex -2)


Message History

The hellwing convulses!
The demonspawn blood saint convulses!
The demonspawn corrupter convulses! x2; The titanic slime creature convulses!
The ynoxinul convulses!
You feel stolen life flooding into you!
You feel better.
The demonspawn corrupter hits you from afar with a +0 glaive!!
The demonspawn corrupter is engulfed in blazing flames.
The demonspawn corrupter hits you from afar with a +0 demon trident of venom!!
You block the hellwing's attack. The hellwing hits you.
The demonspawn blood saint is struck by your spines.
You kill the demonspawn blood saint!
The Council accepts your kill.
The demonspawn corrupter mumbles some strange prayers to Lugonu against you.
The entropic weave corrodes you!
Unknown command.
You hit the hellwing but do no damage.
You tail-slap the hellwing, but do no damage.
The hellwing is heavily wounded.
The demonspawn corrupter is engulfed in blazing flames.
You block the demonspawn corrupter's attack.
The hellwing hits you!
* * * LOW HITPOINT WARNING * * *
The hellwing closely misses you.
The ynoxinul gestures.
The mummy priest mumbles some strange prayers to its god against you.
Something smites you!
* * * LOW HITPOINT WARNING * * *
Unknown command.
You punch the hellwing!
The hellwing decays.
You bite the hellwing, but do no damage.
The hellwing is severely wounded.
The demonspawn corrupter hits you from afar with a +0 glaive!!
* * * LOW HITPOINT WARNING * * *
The demonspawn corrupter is engulfed in blazing flames.
The demonspawn corrupter calls forth creatures from the Abyss!
The hellwing hits you but does no damage.
You block the hellwing's attack.
The ynoxinul gestures.
The titanic slime creature hits you!!!!
Ouch! That really hurt!
You die...

#.# #........ #.#
#..)..... ..#####.#
#.......)
4.......5########.......)
4#######55..............)
.# #5########........ 4#
#3# #........ 3# #4#
#.####### .# #z# #.
########9#######J# #.
....6.V26z4..3.266
########6Xz4.3433##
62Xp..W2M# ..t....Z4#
.........# .2.......#
.......


You could see 2 demonspawn corrupters, a lorocyproca (strong, agile, resistant,
invisible), a balrug (strong, agile, resistant, weak-willed), a mummy priest
(summoned), a titanic slime creature (summoned, strong), a flayed ghost
(summoned), 2 sun demons, 3 hellwings, a spectral naga warrior (summoned), a
ynoxinul (strong) and 4 ufetubi.

Vanquished Creatures
  the Royal Jelly (Slime:5)
  4 ancient liches
  7 dread liches
  2 juggernauts
  2 pandemonium lords (Pan)
  5 Killer Klowns
  Saint Roka (Vaults:2)
  5 curse toes
  10 golden dragons
  2 profane servitors (Abyss:4)
  Nikola (Swamp:3)
  the Enchantress (Depths:3)
  3 bone dragons
  Arachne (Spider:4)
  3 electric golems
  An Ice Fiend (Pan)
  19 tentacled monstrosities
  A lich (Abyss:2)
  A Hell Sentinel (Pan)
  A walking earthen tome (Depths:3)
  7 Orb Guardians (Zot:5)
  3 titans
  A deep elf master archer (Elf:3)
  11 acid blobs
  7 quicksilver dragons
  A walking frostbound tome (Depths:4)
  A walking divine tome (Depths:3)
  2 deep elf blademasters (Elf:3)
  5 sphinxes
  5 tentacled starspawn
  An ancient champion (Depths:1)
  2 Executioners (Pan)
  7 tengu reavers
  12 shadow dragons
  17 death cobs
  4 thorn hunters
  Donald (Swamp:3)
  Aizul (Swamp:3)
  13 storm dragons
  10 azure jellies
  9 draconian knights
  A fenstrider witch (Swamp:2)
  10 rockslimes
  10 emperor scorpions
  11 draconian monks
  5 demonspawn warmongers (Pan)
  Louise (D:15)
  28 vault wardens
  10 deep elf sorcerers (Elf:3)
  9 frost giants
  10 fire giants
  4 draconian scorchers
  4 balrugs
  8 ghost moths
  A cacodemon (Abyss:5)
  5 deep elf elementalists
  6 broodmothers
  4 ghouls (Swamp:2)
  3 draconian stormcallers
  6 spectral caustic shrikes (Depths:2)
  9 reapers (Pan)
  5 orc warlords
  5 spriggan defenders
  A caustic shrike zombie (Depths:1)
  5 draconian annihilators
  13 quicksilver oozes
  5 draconian shifters
  The ghost of Fuwuuf the Fighter, a journeyman DsFi of Okawaru (D:15)
  10 ironbound preservers
  10 very ugly things
  4 demonspawn blood saints (Pan)
  6 ironbound thunderhulks
  2 war gargoyles (Vaults:5)
  4 formless jellyfish
  19 stone giants
  3 vampire knights
  2 lorocyprocas (Pan)
  17 green draconians
  3 deep elf demonologists (Elf:3)
  4 demonspawn black suns (Pan)
  6 yellow draconians
  4 dire elephants (Vaults:4)
  4 eleionomae
  7 spark wasps
  13 red draconians
  26 purple draconians
  14 white draconians
  14 black draconians
  7 bunyips
  Azrael (D:12)
  A minotaur (Gauntlet)
  8 deep elf annihilators (Elf:3)
  5 blizzard demons
  7 deep elf death magi
  A merfolk javelineer (Depths:2)
  2 shambling mangroves
  A green death (Pan)
  Snorg (D:13)
  2 jiangshi (Depths:1)
  A merfolk impaler (Abyss:5)
  A crystal guardian (Vaults:3)
  A fire dragon (shapeshifter) (Vaults:5)
  4 entropy weavers
  13 ettins
  8 fire dragons
  11 deep elf high priests
  18 yaktaur captains
  A hydra (shapeshifter) (Vaults:5)
  Fannar (Orc:1)
  37 vault guards
  Harold (Orc:1)
  10 great orbs of eyes
  4 hell beasts
  Erolcha (Orc:1)
  4 spriggan air magi
  13 hydras
  6 rakshasas
  11 ice dragons
  10 ironbound frosthearts
  3 peacekeepers
  4 ogre magi
  A jorogumo (Spider:2)
  9 centaur warriors
  2 ghost crabs (Swamp:3)
  2 death scarabs (Gauntlet)
  3 radroaches
  16 two-headed ogres
  12 boulder beetles
  22 dancing weapons
  12 alligators
  6 deep troll shamans
  2 death knights (D:14)
  3 vampire magi
  7 tengu warriors
  16 thrashing horrors
  7 deep troll earth magi
  18 spriggans
  7 spriggan berserkers
  11 demonic crawlers
  Urug (D:12)
  A shock serpent (shapeshifter) (Vaults:5)
  4 skysharks
  11 sun demons
  20 deep elf knights
  5 soul eaters
  A skyshark (shapeshifter) (Vaults:5)
  8 iron trolls
  12 hell knights
  A spectral death yak (Gauntlet)
  2 sun moths
  2 sixfirhies (Abyss:2)
  4 wretched stars
  Lodul (D:12)
  4 pharaoh ants
  7 orb spiders
  2 spatial maelstroms (Abyss:4)
  34 deep trolls
  A death drake (shapeshifter) (Depths:3)
  A death drake (Depths:4)
  4 glowing orange brains
  9 shadow demons
  3 orange crystal statues (IceCv)
  4 spectral hydras (Swamp:4)
  3 flayed ghosts
  7 spriggan druids
  13 deep elf archers
  9 lindwurms
  2 tengu zombies (Depths:2)
  6 goliath frogs
  3 harpies (Vaults:1)
  21 orc knights
  2 bog bodies
  12 wizards
  9 steelbarb worms
  18 ironbound convokers
  12 swamp dragons
  5 phantasmal warriors
  3 necromancers
  32 deep elf zephyrmancers
  25 wolf spiders
  23 deep elf pyromancers
  4 shining eyes (Slime:5)
  28 ugly things
  2 manticores
  A fire giant zombie (Depths:1)
  6 will-o-the-wisps
  A worldbinder (Abyss:4)
  A cyclops (shapeshifter) (Depths:2)
  A sphinx skeleton (Depths:1)
  2 orc sorcerers
  25 moths of wrath
  A moth of wrath (shapeshifter) (Vaults:4)
  9 cyclopes
  An elephant (shapeshifter) (Vaults:5)
  An apocalypse crab (Abyss:4)
  5 elephants (Lair:4)
  A toenail golem (Abyss:5)
  20 vault sentinels
  A rust devil (Pan)
  A water nymph (shapeshifter) (Vaults:5)
  2 ice statues (Swamp:1)
  13 smoke demons
  An orange demon (Pan)
  24 starcursed masses (Abyss:4)
  4 gargoyles
  6 black mambas
  4 eyes of devastation
  7 torpor snails
  9 komodo dragons
  An unseen horror (Abyss:4)
  A kobold demonologist (D:9)
  18 cane toads
  A yaktaur (shapeshifter) (D:14)
  A rime drake (Lair:4)
  4 freezing wraiths
  An efreet (Abyss:4)
  A guardian mummy (Zot:4)
  A spark wasp simulacrum (Depths:1)
  6 tengu conjurers
  59 yaktaurs
  A red devil (Pan)
  A silent spectre (Vaults:1)
  An ice devil (Gauntlet)
  7 ancient zymes
  A queen bee (Spider:2)
  2 hellwings (Pan)
  7 meliai
  3 hydra zombies (Swamp:4)
  A queen bee (shapeshifter) (Vaults:5)
  2 death drake zombies (Swamp:4)
  A bloated husk (Swamp:1)
  5 polar bears
  8 raiju
  30 tarantellas
  14 hornets
  13 trolls
  A blink frog (shapeshifter) (Elf:3)
  A spectral dream sheep (Gauntlet)
  A polar bear (shapeshifter) (D:13)
  23 blink frogs
  7 tyrant leeches
  4 dream sheep (Lair:4)
  132 slime creatures
  An air elemental (Elf:3)
  27 jumping spiders
  A flying skull (Abyss:2)
  20 culicivoras
  5 wraiths
  4 ynoxinuls
  4 wyverns
  4 shadows
  30 yaks
  9 fire elementals
  A chaos spawn (Pan)
  3 neqoxecs
  6 water elementals
  A redback (shapeshifter) (Vaults:5)
  19 vampire mosquitoes
  A steam dragon (D:10)
  2 basilisks (Lair:3)
  37 redbacks
  Menkaure (D:6)
  17 large abominations
  4 swamp worms
  2 wargs (Orc:1)
  An acid dragon (D:9)
  14 water moccasins
  2 hydra simulacra (Swamp:4)
  3 spatial vortices (Abyss:4)
  Duvessa (D:7)
  4 hell hounds
  2 floating eyes
  2 ice beasts
  2 glowing shapeshifter skeletons (Depths:2)
  18 small abominations
  7 swamp drakes (Swamp:4)
  A black bear (shapeshifter) (D:14)
  3 black bears
  34 orc warriors
  2 sky beasts
  5 great orb of eyes simulacra (IceCv)
  A swamp dragon zombie (Swamp:4)
  9 boggarts
  38 ogres
  13 wolves
  A phantom (D:6)
  2 swamp dragon skeletons (Swamp:4)
  13 centaurs
  3 kobold brigands
  7 slime creature simulacra (IceCv)
  21 bullfrogs
  3 earth elementals
  A necrophage (Swamp:2)
  3 gnoll sergeants
  4 scorpions
  Dowan (D:7)
  41 killer bees
  5 howler monkeys
  3 electric eels
  A crimson imp (Abyss:2)
  2 centaur zombies (Ossuary)
  3 jellies
  17 orc priests
  4 hounds
  A gnoll bouda (D:7)
  An iron imp (Abyss:2)
  A sleepcap (D:7)
  An iguana (D:5)
  38 orc wizards
  3 mummies (Ossuary)
  14 gnolls
  A gnoll (shapeshifter) (Vaults:5)
  4 adders
  3 shadow imps
  9 white imps
  2 ufetubi (D:5)
  2 worms
  A dart slug (D:2)
  106 orcs
  8 bats
  10 endoplasms
  A giant cockroach (D:1)
  5 goblins
  7 hobgoblins
  25 kobolds
  2 quokkas
  5 ball pythons
  3 frilled lizards
  3 kobold zombies (Ossuary)
  3 orc zombies (Ossuary)
  5 rats
  4 starspawn tentacles (Abyss:4)
2550 creatures vanquished.

Vanquished Creatures (others)
  A Brimstone Fiend (Pan)
  A yaktaur (Vaults:1)
  2 bloated husks
  A spriggan (Swamp:3)
  A ynoxinul (Pan)
  A centaur (D:11)
  A killer bee (D:11)
  An orc (D:10)
  10 foxfires
  7 starspawn tentacles (Abyss:4)
26 creatures vanquished.

Grand Total: 2576 creatures vanquished

Notes
Turn   | Place    | Note
-------+----------+-------------------------------------------
     0 | D:1      | Midn8 the Demonspawn Shapeshifter began the quest for the
                  | Orb.
     0 | D:1      | Reached XP level 1. HP: 15/15 MP: 1/1
    66 | D:1      | Reached skill level 3 in Unarmed Combat
   107 | D:1      | Gained mutation: Your demonic aura sometimes causes spilled
                  | blood to erupt in flames. [demonic ancestry]
   107 | D:1      | Reached XP level 2. HP: 8/21 MP: 2/2
   810 | D:2      | Gained mutation: You are partially covered in slimy green
                  | scales. (AC +2) [demonic ancestry]
   810 | D:2      | Reached XP level 3. HP: 25/26 MP: 3/3
   959 | D:2      | Reached skill level 4 in Unarmed Combat
  1044 | D:2      | Found Zodghiff's Book Boutique.
  1737 | D:3      | Found a faded altar of an unknown god.
  1750 | D:3      | Prayed at the altar of an unknown god.
  1750 | D:3      | Became a worshipper of the Wu Jian Council
  1750 | D:3      | Reached * piety under Wu Jian
  2215 | D:3      | Found an ornate altar of the Wu Jian Council.
  2227 | D:3      | Gained mutation: You are partially covered in sharp spines.
                  | [demonic ancestry]
  2227 | D:3      | Reached XP level 4. HP: 32/32 MP: 4/4
  2313 | D:4      | Noticed a black bear
  2322 | D:4      | Killed a black bear
  2323 | D:4      | Reached skill level 5 in Unarmed Combat
  2323 | D:4      | Gained mutation: You are mostly covered in sharp spines.
                  | [demonic ancestry]
  2323 | D:4      | Reached XP level 5. HP: 30/37 MP: 5/5
  2400 | D:4      | You fall into a shaft and drop 3 floors!
  2465 | D:6      | Noticed a water moccasin
  2477 | D:6      | Killed a water moccasin
  2478 | D:6      | Reached skill level 6 in Unarmed Combat
  2478 | D:6      | Gained mutation: Your demonic aura often causes spilled
                  | blood to erupt in flames. [demonic ancestry]
  2478 | D:6      | Reached XP level 6. HP: 42/44 MP: 6/6
  2521 | D:6      | Noticed Menkaure
  2534 | D:6      | Killed Menkaure
  2570 | D:6      | Noticed a water moccasin
  2578 | D:6      | Killed a water moccasin
  2579 | D:6      | Gained mutation: You are mostly covered in slimy green
                  | scales. (AC +3) [demonic ancestry]
  2579 | D:6      | Reached XP level 7. HP: 54/54 MP: 7/7
  2583 | D:6      | Reached skill level 7 in Unarmed Combat
  2691 | D:6      | Found a sand-covered staircase.
  2700 | Ossuary  | Entered an ossuary
  2808 | Ossuary  | Reached ** piety under Wu Jian
  2982 | D:5      | Entered Level 5 of the Dungeon
  3285 | D:4      | Reached skill level 8 in Unarmed Combat
  3441 | D:4      | Reached XP level 8. HP: 44/61 MP: 8/8
  3817 | D:5      | Reached skill level 5 in Fighting
  3841 | D:5      | Identified the +0 robe of Xom's Whim {rF++}
  3964 | D:5      | Identified the +4 ring mail of Eternity {+Blink Will+}
  4217 | D:6      | Reached *** piety under Wu Jian
  4427 | D:6      | Reached XP level 9. HP: 69/69 MP: 9/9
  5342 | D:7      | Reached skill level 9 in Unarmed Combat
  5489 | D:7      | Found a staircase to the Ecumenical Temple.
  5599 | D:7      | Found the +3 Elemental Staff {rElec rF+ rC+ AC+3}
  5666 | D:7      | Noticed Dowan
  5667 | D:7      | Noticed Duvessa
  5676 | D:7      | Killed Duvessa
  5676 | D:7      | Killed Dowan
  5832 | D:7      | Reached **** piety under Wu Jian
  5833 | D:7      | Reached skill level 10 in Unarmed Combat
  6334 | D:8      | Gained mutation: You punish those that try to bend your
                  | will. (Will+) [demonic ancestry]
  6334 | D:8      | Reached XP level 10. HP: 78/80 MP: 10/10
  6540 | D:8      | Found Kiguv's Tremendous Tomes.
  6621 | D:8      | Reached skill level 5 in Dodging
  6759 | D:8      | Reached ***** piety under Wu Jian
  7011 | D:9      | Noticed a manticore
  7017 | D:9      | Killed a manticore
  7144 | D:9      | Found a staircase to the Lair.
  7365 | D:9      | Reached skill level 5 in Shapeshifting
  7614 | D:9      | Found a sparkling altar of Nemelex Xobeh.
  7615 | D:9      | Found a broken altar of Ashenzari.
  7991 | D:10     | Entered Level 10 of the Dungeon
  8945 | D:10     | Found an ancient bone altar of Kikubaaqudgha.
  9189 | Lair:1   | Entered Level 1 of the Lair of Beasts
  9304 | Lair:1   | Gained mutation: You are resistant to unholy torment.
                  | [demonic ancestry]
  9304 | Lair:1   | Reached XP level 11. HP: 86/86 MP: 11/11
  9594 | Lair:1   | Found a dark tunnel.
  9594 | Lair:1   | Noticed a lindwurm
  9598 | Lair:1   | Killed a lindwurm
  9632 | Volcano  | Entered a volcano
  9650 | Volcano  | Noticed a deep elf pyromancer
  9651 | Volcano  | Noticed a deep elf pyromancer
  9709 | Volcano  | Noticed a deep elf pyromancer
  9710 | Volcano  | Noticed a deep elf pyromancer
 10287 | Lair:2   | Reached skill level 11 in Unarmed Combat
 10783 | Lair:3   | Reached skill level 12 in Unarmed Combat
 10812 | Lair:3   | Reached XP level 12. HP: 87/92 MP: 12/12
 10843 | Lair:3   | Reached ****** piety under Wu Jian
 11053 | Lair:3   | Found a staircase to the Swamp.
 11353 | Lair:3   | Found a hole to the Spider Nest.
 11489 | Lair:4   | Noticed an eight-headed hydra
 11497 | Lair:4   | Killed an eight-headed hydra
 11527 | Lair:4   | Reached skill level 13 in Unarmed Combat
 11708 | Lair:4   | Reached skill level 14 in Unarmed Combat
 11737 | Lair:4   | Noticed a boulder beetle
 11749 | Lair:4   | Killed a boulder beetle
 11828 | Lair:4   | Found a staircase to the Slime Pits.
 11828 | Lair:4   | Found a viscous altar of Jiyva.
 12131 | Lair:4   | Reached XP level 13. HP: 101/101 MP: 13/13
 12365 | Lair:5   | Entered Level 5 of the Lair of Beasts
 12460 | Lair:5   | Reached skill level 10 in Fighting
 12552 | Lair:5   | Reached skill level 1 in Armour
 12574 | Lair:5   | Identified the +0 kite shield "Maixtoa" {rElec Regen+
                  | Int-2}
 12735 | Lair:5   | Identified the staff of In Flagrante Delicto {*Corrode
                  | rElec Str+2 Dex+2 Air}
 12737 | Lair:5   | Got the Papyrus of Hexing Breccia
 12770 | Lair:5   | Found a gate leading to a gauntlet.
 12786 | Gauntlet | Entered a Gauntlet
 12786 | Gauntlet | Found a transporter.
 12786 | Gauntlet | Found a transporter.
 12786 | Gauntlet | Found a runed translucent door.
 12786 | Gauntlet | Found a runed translucent door.
 12790 | Gauntlet | Found a transporter.
 12790 | Gauntlet | Found a transporter.
 12794 | Gauntlet | Found a transporter.
 12794 | Gauntlet | Found a transporter.
 12827 | Gauntlet | Found a transporter.
 12830 | Gauntlet | Found a transporter.
 12838 | Gauntlet | Noticed a blizzard demon
 12839 | Gauntlet | Found a runed translucent door.
 12842 | Gauntlet | Found a transporter.
 12856 | Gauntlet | Found a transporter.
 12874 | Gauntlet | Found a transporter.
 12874 | Gauntlet | Found a transporter.
 12967 | Gauntlet | Identified the amulet "Keanador" {Acrobat Int+2}
 13008 | Gauntlet | Identified the -2 helmet "Wismod" {+Inv rPois rC+}
 13023 | Gauntlet | Found the -2 hat of the Alchemist {rElec rPois rF+ rC+ rN+
                  | Will+ rMut rCorr}
 13023 | Gauntlet | Identified the ring "Afeil" {AC+4 SInv}
 13023 | Gauntlet | Noticed a minotaur
 13031 | Gauntlet | Killed a minotaur
 13038 | Gauntlet | Identified the +8 hand axe "Luegikhlu" {elec, MP+9}
 13136 | Lair:5   | Identified the +6 mace of the Bouncing Visions {protect,
                  | rF+ rN+ SInv}
 13567 | Lair:5   | Reached skill level 10 in Shapeshifting
 13834 | D:11     | Gained mutation: You are completely covered in sharp
                  | spines. [demonic ancestry]
 13834 | D:11     | Reached XP level 14. HP: 115/115 MP: 14/14
 13856 | D:11     | Found a staircase to the Orcish Mines.
 14284 | D:12     | Noticed Azrael
 14288 | D:12     | Killed Azrael
 14507 | D:12     | Found a shimmering blue altar of Sif Muna.
 14763 | D:12     | Noticed Lodul
 14766 | D:12     | Killed Lodul
 14822 | D:12     | Noticed Urug
 14824 | D:12     | Killed Urug
 15024 | D:13     | Noticed Snorg
 15030 | D:13     | Killed Snorg
 15303 | D:13     | Identified the ring "Gin Ruilid" {Fly rN+ Will+ Int+3 SInv}
 15607 | D:13     | Reached skill level 1 in Evocations
 16038 | Orc:1    | Entered Level 1 of the Orcish Mines
 16076 | Orc:1    | Noticed Harold
 16088 | Orc:1    | Killed Harold
 16287 | Orc:1    | Reached skill level 5 in Evocations
 16379 | Orc:1    | Found Elevvusko's Overcharged Wands.
 16391 | Orc:1    | Noticed Fannar
 16400 | Orc:1    | Killed Fannar
 16430 | Orc:1    | Noticed Erolcha
 16433 | Orc:1    | Killed Erolcha
 16760 | Orc:2    | Entered Level 2 of the Orcish Mines
 16787 | Orc:2    | Found a staircase to the Elven Halls.
 16808 | Orc:2    | Found Pabotti's Weapon Shop.
 16813 | Orc:2    | Reached XP level 15. HP: 123/123 MP: 15/15
 16833 | Orc:2    | Found Teacami's Book Shop.
 16847 | Orc:2    | Found Ecuix Xusum's Assorted Antiques.
 16852 | Orc:2    | Found Qodex's Antique Armour Boutique.
 16897 | Orc:2    | Bought a scroll labelled SINOHOLL ZUITZ for 17 gold pieces
 16897 | Orc:2    | Bought a pair of runed boots for 127 gold pieces
 16919 | Orc:2    | Bought a heavily runed scale mail for 198 gold pieces
 16919 | Orc:2    | Identified the +1 scale mail "Gylynast" {rElec rPois Will+
                  | Int+3} (You bought it in a shop on level 2 of the Orcish
                  | Mines)
 16919 | Orc:2    | Bought an ichor-stained helmet for 209 gold pieces
 16919 | Orc:2    | Identified the +0 helmet of the Gastropod {rElec} (You
                  | bought it in a shop on level 2 of the Orcish Mines)
 17127 | Orc:2    | Found Inaot's Antique Armour Boutique.
 17136 | Orc:2    | Bought a pair of embroidered gloves for 225 gold pieces
 17136 | Orc:2    | Bought a transparent chain mail for 285 gold pieces
 17136 | Orc:2    | Identified the +9 chain mail of Poocluyty {rN+ SInv} (You
                  | bought it in a shop on level 2 of the Orcish Mines)
 17625 | D:14     | Found a gate to the Vaults.
 17874 | D:14     | Reached skill level 15 in Fighting
 18429 | Spider:1 | Entered Level 1 of the Spider Nest
 18656 | Spider:1 | Noticed an emperor scorpion
 18672 | Spider:1 | Killed an emperor scorpion
 18902 | Spider:1 | Reached skill level 5 in Armour
 19587 | Spider:2 | Identified the +0 scale mail "Upherch" {Fly}
 19648 | Spider:2 | Gained mutation: You have a small tail. [demonic ancestry]
 19648 | Spider:2 | Reached XP level 16. HP: 94/138 MP: 16/16
 20183 | Spider:2 | Reached skill level 15 in Unarmed Combat
 20991 | Spider:3 | Reached skill level 16 in Unarmed Combat
 21760 | Spider:4 | Entered Level 4 of the Spider Nest
 22254 | Spider:4 | Reached skill level 10 in Armour
 22312 | Spider:4 | Noticed Arachne
 22353 | Spider:4 | Killed Arachne
 22455 | Spider:4 | Gained mutation: Your demonic aura causes all spilled blood
                  | to erupt in flames. [demonic ancestry]
 22455 | Spider:4 | Reached XP level 17. HP: 144/144 MP: 17/17
 23173 | Spider:4 | Got a gossamer rune of Zot
 23184 | Spider:4 | Identified the +0 pair of gloves of New Discoveries {Str+3
                  | Int+4}
 23395 | Swamp:1  | Entered Level 1 of the Swamp
 23695 | Swamp:1  | Found a frozen archway.
 23721 | IceCv    | Entered an ice cave
 24178 | IceCv    | Found a viscous altar of Jiyva.
 25589 | Swamp:2  | Reached skill level 15 in Shapeshifting
 25897 | Swamp:3  | Noticed Nikola
 25912 | Swamp:3  | Killed Nikola
 25973 | Swamp:3  | Noticed Aizul
 25990 | Swamp:3  | Killed Aizul
 26055 | Swamp:3  | Found a runed translucent door.
 26111 | Swamp:3  | Reached XP level 18. HP: 151/151 MP: 18/18
 26346 | Swamp:3  | Noticed Donald
 26352 | Swamp:3  | Killed Donald
 26828 | Swamp:4  | Entered Level 4 of the Swamp
 27639 | Swamp:4  | Found a basalt altar of Yredelemnul.
 27652 | Swamp:4  | Got a decaying rune of Zot
 27914 | Swamp:4  | Found a blossoming altar of Fedhas.
 28394 | Vaults:1 | Entered Level 1 of the Vaults
 30126 | Vaults:1 | Gained mutation: You have a tail ending in a sharp stinger.
                  | [demonic ancestry]
 30126 | Vaults:1 | Reached XP level 19. HP: 157/157 MP: 19/19
 30445 | Vaults:1 | Found a transporter.
 30596 | Vaults:1 | Found a transporter.
 30596 | Vaults:1 | Found a runed translucent door.
 30596 | Vaults:1 | Found a bloodstained altar of Trog.
 30596 | Vaults:1 | Found the +8 Wrath of Trog {antimagic, *Rage Rampage}
 30663 | Vaults:1 | Identified the +5 chain mail of the Bells {Str+2}
 31178 | Elf:1    | Entered Level 1 of the Elven Halls
 31274 | Elf:1    | Identified the amulet of Rosoeret {Reflect Rampage *Corrode
                  | Dex+3 SH+5}
 31429 | Elf:1    | Found Woritz's Armour Shop.
 32513 | Elf:2    | Found a runed translucent gate.
 32514 | Elf:2    | Found a runed translucent gate.
 32514 | Elf:2    | Found a runed translucent gate.
 32597 | Elf:2    | Found Ihisiost's Assorted Antiques.
 32714 | Elf:2    | Found a runed translucent door.
 33005 | Elf:3    | Entered Level 3 of the Elven Halls
 33017 | Elf:3    | Identified the +6 quarterstaff of Reinforcement {freeze,
                  | rPois}
 33074 | Elf:3    | Found Kousch's Neck Hole.
 33396 | Elf:3    | Paralysed by an air elemental for 1 turns
 33440 | Elf:3    | Gained mutation: You have a sharp stinger which inflicts
                  | weakening toxins. [demonic ancestry]
 33440 | Elf:3    | Reached XP level 20. HP: 66/164 MP: 20/20
 34509 | Vaults:2 | Reached skill level 1 in Shields
 34658 | Vaults:2 | Identified the +1 scimitar of Usarr {elec, rElec}
 34679 | Vaults:2 | Noticed Saint Roka
 34685 | Vaults:2 | Reached skill level 5 in Shields
 34699 | Vaults:2 | Killed Saint Roka
 34725 | Vaults:2 | Identified the amulet of Qazlal's Condemnation {Spirit
                  | SInv}
 34732 | Vaults:2 | Identified the +1 ring mail of Jab Neut {rElec rF++ Stlth-}
 34808 | Vaults:2 | Identified the +10 dagger of the Ecumenical Temple {speed,
                  | rElec rN+ Stlth+}
 35551 | Vaults:3 | Found Fehoah's Book Emporium.
 35570 | Vaults:3 | Bought a manual of Unarmed Combat for 800 gold pieces
 35630 | Vaults:3 | Found Qiut Alon's Assorted Antiques.
 35637 | Vaults:3 | Bought a scroll of teleportation for 105 gold pieces
 35637 | Vaults:3 | Bought a scroll of teleportation for 105 gold pieces
 36065 | Vaults:3 | Found Texzu's Armour Emporium.
 36327 | Vaults:3 | Reached XP level 21. HP: 171/171 MP: 21/21
 36518 | Vaults:3 | Found a staircase to the Crypt.
 36518 | Vaults:3 | Found an ancient bone altar of Kikubaaqudgha.
 36519 | Vaults:3 | Found a basalt altar of Yredelemnul.
 36707 | Vaults:4 | Reached skill level 17 in Unarmed Combat
 37087 | Vaults:4 | Reached skill level 18 in Unarmed Combat
 37190 | Vaults:4 | Found Ytuec's Antique Weapon Boutique.
 37492 | Vaults:4 | Reached skill level 19 in Unarmed Combat
 37526 | Vaults:4 | Found a runed translucent gate.
 37526 | Vaults:4 | Found a runed translucent gate.
 37526 | Vaults:4 | Found a runed translucent gate.
 37528 | Vaults:4 | Noticed bobo's ghost (veteran DjFE)
 37861 | Vaults:5 | Entered Level 5 of the Vaults
 38598 | Elf:3    | Reached skill level 20 in Unarmed Combat
 38598 | Elf:3    | Identified the +6 dagger of Igener {heavy, +Blink rN+++
                  | Will+ Stlth-}
 38644 | Elf:3    | Identified the +8 hand axe "Saigoydo" {venom, *Noise rF+
                  | Int+4 Stlth+}
 38665 | Elf:3    | Identified the ring of Anyo {rPois rF+ rC+ rN+ Str-3 Int+4}
 38693 | Elf:3    | Identified the +5 scale mail of Altruism {Will+ Regen+
                  | Int+3 Dex-5}
 38718 | Elf:3    | Got Kigiwkiz's Tome of Glowing Vicissitude
 38765 | Elf:3    | Identified the +0 robe "Myur" {Int+4}
 38794 | Elf:3    | Got the Thoughts on Arcane Weapons and Cinders
 39182 | D:15     | Entered Level 15 of the Dungeon
 39244 | D:15     | Noticed Louise
 39255 | D:15     | Killed Louise
 39433 | D:15     | Found a runed translucent gate.
 39433 | D:15     | Found a runed translucent gate.
 39433 | D:15     | Found a runed translucent gate.
 39434 | D:15     | Noticed Fuwuuf's ghost (journeyman DsFi)
 39451 | D:15     | Killed Fuwuuf's ghost
 40134 | D:15     | Found a staircase to the Depths.
 40272 | D:15     | Gained mutation: You are clumsy. (Dex -2) [potion of
                  | mutation]
 40272 | D:15     | Gained mutation: You possess an exceptional clarity of
                  | mind. [potion of mutation]
 40272 | D:15     | Gained mutation: You have very sharp teeth. [potion of
                  | mutation]
 40391 | Depths:1 | Entered Level 1 of the Depths
 40506 | Depths:1 | Reached XP level 22. HP: 110/183 MP: 4/22
 40623 | Depths:1 | Found a one-way gate to the infinite horrors of the Abyss.
 40630 | Depths:1 | Found a one-way gateway to a ziggurat.
 40631 | Depths:1 | Noticed a dread lich
 40645 | Depths:1 | Killed a dread lich
 40651 | Depths:1 | Found Poppat's Book Emporium.
 40659 | Depths:1 | Bought a manual of Dodging for 1040 gold pieces
 40778 | Depths:1 | You are sucked into a shaft and drop 1 floor!
 40859 | Depths:2 | Paralysed by a floating eye for 3 turns
 40866 | Depths:2 | Found a runed translucent gate.
 40866 | Depths:2 | Found a runed translucent gate.
 40866 | Depths:2 | Found a runed translucent gate.
 40949 | Depths:2 | Found a runed translucent gate.
 40949 | Depths:2 | Found a runed translucent gate.
 40949 | Depths:2 | Found a runed translucent gate.
 41388 | Depths:1 | Found a gateway to Hell.
 41649 | Depths:1 | Found a sparkling altar of Nemelex Xobeh.
 42369 | Depths:2 | Noticed a golden dragon
 42469 | Depths:2 | Paralysed by a floating eye for 4 turns
 42507 | Depths:2 | Found a one-way gate leading to the halls of Pandemonium.
 43235 | Depths:3 | Noticed the Enchantress
 43259 | Depths:3 | Killed the Enchantress
 43387 | Depths:3 | Reached skill level 15 in Armour
 43443 | Depths:3 | Found a portal to a secret trove of treasure.
 43589 | Depths:3 | Noticed a juggernaut
 43602 | Depths:3 | Killed a juggernaut
 43603 | Depths:3 | Reached XP level 23. HP: 117/190 MP: 23/23
 44566 | Depths:4 | Entered Level 4 of the Depths
 44588 | Depths:4 | Found an ancient bone altar of Kikubaaqudgha.
 44870 | Depths:4 | Found a gate to the Realm of Zot.
 45403 | Depths:4 | Noticed a juggernaut
 45417 | Depths:4 | Killed a juggernaut
 45423 | Depths:3 | Identified the +4 quarterstaff "Immi" {drain, Dex+3}
 45968 | Vaults:5 | Noticed an ancient lich
 45976 | Vaults:5 | Killed an ancient lich
 45979 | Vaults:5 | Noticed an ancient lich
 45981 | Vaults:5 | Reached skill level 10 in Shields
 45983 | Vaults:5 | Killed an ancient lich
 46047 | Vaults:5 | Noticed a dread lich
 46056 | Vaults:5 | Killed a dread lich
 46059 | Vaults:5 | Reached XP level 24. HP: 204/204 MP: 23/23
 46085 | Vaults:5 | Noticed a dread lich
 46090 | Vaults:5 | Paralysed by a dread lich for 3 turns
 46094 | Vaults:5 | Killed a dread lich
 46150 | Vaults:5 | Noticed a dread lich
 46159 | Vaults:5 | Killed a dread lich
 46230 | Vaults:5 | Reached skill level 21 in Unarmed Combat
 46261 | Vaults:5 | Noticed a dread lich
 46266 | Vaults:5 | Killed a dread lich
 46728 | Vaults:5 | Got a silver rune of Zot
 47432 | Zot:1    | Entered Level 1 of the Realm of Zot
 47508 | Zot:1    | Reached skill level 22 in Unarmed Combat
 47572 | Zot:1    | Noticed an ancient lich
 47576 | Zot:1    | Noticed a Killer Klown
 47589 | Zot:1    | Noticed a Killer Klown
 47599 | Zot:1    | Noticed a Killer Klown
 47602 | Zot:1    | Noticed a Killer Klown
 47618 | Zot:1    | Killed a Killer Klown
 47619 | Zot:1    | Killed a Killer Klown
 47627 | Zot:1    | Killed a Killer Klown
 47630 | Zot:1    | Killed a Killer Klown
 47656 | Zot:1    | Killed an ancient lich
 47791 | Zot:1    | Reached skill level 23 in Unarmed Combat
 48075 | Zot:1    | Gained mutation: You are completely covered in slimy green
                  | scales. (AC +4, rPois) [demonic ancestry]
 48075 | Zot:1    | Reached XP level 25. HP: 210/210 MP: 23/23
 48263 | Zot:1    | You are sucked into a shaft and drop 1 floor!
 48280 | Zot:2    | Reached skill level 10 in Dodging
 49760 | Zot:3    | Identified the +0 robe "Setsifri" {Rampage +Inv rF- Int+6}
 51275 | Zot:4    | Noticed a dread lich
 51285 | Zot:4    | Killed a dread lich
 51291 | Zot:4    | Reached skill level 24 in Unarmed Combat
 51293 | Zot:4    | Noticed a dread lich
 51303 | Zot:4    | Killed a dread lich
 51328 | Zot:4    | Identified the ring "Rueg" {rElec rCorr}
 51444 | Zot:5    | Entered Level 5 of the Realm of Zot
 51521 | Zot:5    | Noticed a Killer Klown
 51531 | Zot:5    | Killed a Killer Klown
 51532 | Zot:5    | Gained mutation: You can hurl damnation. [demonic ancestry]
 51532 | Zot:5    | Reached XP level 26. HP: 192/224 MP: 4/23
 52625 | Slime:1  | Entered Level 1 of the Pits of Slime
 52799 | Slime:5  | Entered Level 5 of the Pits of Slime
 52847 | Slime:5  | Reached skill level 25 in Unarmed Combat
 53118 | Slime:5  | Noticed the Royal Jelly
 53137 | Slime:5  | Killed the Royal Jelly
 53191 | Slime:5  | Identified the +10 halberd of the Warrior-Mage {flame,
                  | *Noise rElec Int-4 Dex+6}
 53210 | Slime:5  | Identified the staff "Lepam" {rPois Earth}
 53229 | Slime:5  | Identified a scroll of acquirement
 53278 | Slime:5  | Found the +2 Maxwell's thermic engine {flame, freeze, rev}
 53315 | Slime:5  | Got a slimy rune of Zot
 53879 | Depths:1 | Voluntarily entered the Abyss.
 53887 | Abyss:1  | Found a corrupted altar of Lugonu.
 53947 | Abyss:2  | Noticed an ancient lich
 53962 | Abyss:2  | Killed an ancient lich
 54128 | Abyss:2  | Found a corrupted altar of Lugonu.
 54279 | Abyss:4  | Found a transporter.
 54282 | Abyss:4  | Found a transporter.
 54283 | Abyss:4  | Found a corrupted altar of Lugonu.
 54463 | Abyss:4  | Reached skill level 26 in Unarmed Combat
 54590 | Abyss:4  | Paralysed by accursed screaming for 1 turns
 54782 | Abyss:5  | Found a corrupted altar of Lugonu.
 54797 | Abyss:5  | Got an abyssal rune of Zot
 54834 | Depths:1 | Escaped the Abyss
 54892 | Pan      | Entered Pandemonium
 54964 | Pan      | Found a runed translucent door.
 55010 | Pan      | Reached skill level 27 in Unarmed Combat
 55199 | Pan      | Reached XP level 27. HP: 231/231 MP: 21/23
 55379 | Pan      | Noticed Gokhaogh the pandemonium lord
 55408 | Pan      | Killed Gokhaogh the pandemonium lord
 55525 | Pan      | Found an exit through the horrors of the Abyss.
 55544 | Pan      | Found a runed translucent door.
 55554 | Pan      | Found a runed translucent door.
 55558 | Pan      | Found a runed translucent door.
 55567 | Pan      | Found a runed translucent door.
 55591 | Pan      | Noticed Wegier the pandemonium lord
 55594 | Pan      | Killed Wegier the pandemonium lord
 55872 | Pan      | Annihilated by a titanic slime creature

Illustrated notes

Levels and vault maps discovered:
D:1:      psy_arrival_dodecagon, layout_basic
D:2:      layout_loops_ring, serial_shops, shop, kennysheep_donut
D:3:      layout_basic, mainiacjoe_overflow_small_starburst,
          ebering_ecumenical_altar_sacrificial
D:4:      layout_loops_ring, minmay_misc_feat_plants,
          chequers_serial_rivers_room_b
D:5:      layout_cave_pools, serial_rivers, chequers_serial_rivers_micro_c,
          chequers_serial_rivers_micro_e, chequers_serial_rivers_small_b,
          chequers_serial_rivers_small_a, chequers_serial_rivers_micro_b
D:6:      layout_layer_cave, enter_ossuary_3, uniq_menkaure
D:7:      layout_rooms, minmay_temple_entry_wispy, uniq_duvessa
D:8:      layout_basic, special_room [special_room_orc],
          nicolae_shop_i_like_big_books
D:9:      layout_long_grid, nicolae_overflow_hidden_temple, lair_entry_dummy,
          st_stairs_4, kennysheep_just_a_vault
D:10:     layout_layer_cave, lemuel_crystal_altar
D:11:     layout_roguey, david_orc_2
D:12:     layout_basic, kennysheep_orc_sif_temple, uniq_azrael, uniq_lodul,
          uniq_urug
D:13:     layout_loops_ring, laboratory, uniq_snorg
D:14:     layout_basic, skrybe_vaults_entry_preservation, hangedman_glass_teeth,
          grunt_ministairs_2
D:15:     grunt_enter_depths_snipers, layout_long_grid, minmay_hedge_maze,
          ebering_ghost_rock_garden, minmay_three_doors, uniq_louise
Lair:1:   layout_loops_ring, nicolae_volcano_entry_vermiform
Lair:2:   layout_loops_ring
Lair:3:   layout_roguey, minmay_swamp_entry_swarm,
          hellmonk_spider_entry_not_the_bees, nicolae_quartered_pool_super,
          beast_lair_carwin_9
Lair:4:   layout_loops_ring, slime_entry_1
Lair:5:   minmay_lair_end_frog_pond, layout_cave_pods, gauntlet_entry_generic
Swamp:1:  layout_basic_swamp, portal_ice_cave_entry_ice_statue_two,
          nicolae_swamp_big_swirl, hangedman_swamp_lotus, swamp_pool2
Swamp:2:  layout_basic_swamp, hangedman_swamp_blocks, swamp_pool4
Swamp:3:  gammafunk_mikee_crab_dinner, layout_basic_swamp,
          nicolae_swamp_very_dense_foliage, uniq_nikola, uniq_aizul, uniq_donald
Swamp:4:  byrel_swamp_growth_death_and_undeath, layout_basic_swamp, swamp_pool5,
          lightli_tree_ring
Spider:1: layout_spider_delve
Spider:2: layout_spider_delve, special_room [special_room_bee]
Spider:3: layout_chambers, nicolae_spider_scorpion_nest
Spider:4: hellmonk_spider_rune_bug_friends, nicolae_arachne_temple
Slime:1:  layout_caves, amcnicky_altar_lugonu_corruption
Slime:2:  layout_caves
Slime:3:  layout_caves
Slime:4:  layout_caves, nicolae_slime_getting_an_eyeful
Slime:5:  slime_pit_nicolae_block_by_block
Orc:1:    layout_caves, nicolae_shop_overcharged_wands, uniq_erolcha,
          uniq_fannar, uniq_harold
Orc:2:    st_orc_open, layout_caves, serial_shops, shop
Elf:1:    eino_elf_arrival_sip, layout_onion_city, serial_shops, shop,
          hangedman_elven_crosses_minicolossus, item_on_display_a
Elf:2:    nicolae_elf_blades_crystal_corner, layout_loops_corners, serial_shops,
          nicolae_stop_n_shop_1, minivault_13
Elf:3:    minmay_elf_hall_spiked, layout_loops_corners,
          nicolae_shop_sticking_my_neck_out
Vaults:1: dpeg_vaults_monster_box, v_misc_18, nicolae_vaults_apartment_1,
          emtedronai_trogs_sanctum, v_misc_11,
          nicolae_vaults_trapezoid_lopsided_4, nicolae_vaults_house_3,
          nicolae_vaults_heart-shaped_vault, v_alt_pattern_6,
          nicolae_vaults_little_squares_6, nicolae_vaults_gold_heap,
          layout_vaults_omnigrid
Vaults:2: vaults_room_boxed, nicolae_vaults_circle_grid_a,
          nicolae_vaults_little_ls, v_rooms_6, vaults_standard_mumra_lines,
          hangedman_vaults_corner, nicolae_vaults_trapezoid_2,
          vaults_room_door_ring, nicolae_vaults_storing_the_good_stuff,
          nicolae_vaults_specimen_jars, nicolae_vaults_cochlea,
          nicolae_vaults_two_Ls, vaults_dpeg_ring, v_misc_11,
          vaults_room_corners, layout_vaults_omnibox, uniq_saint_roka
Vaults:3: nicolae_vaults_little_squares_1, nicolae_vaults_storage_room_glass,
          nicolae_vaults_variable_pillar_hall, minmay_crypt_entry_necro_gods,
          hangedman_vaults_snaps, v_pattern_5, st_lattice,
          nicolae_vaults_hexular_roomagon, ontoclasm_vaults_ring_small,
          nicolae_vaults_taking_the_gang_shopping, vaults_dpeg_encased_lava,
          vaults_room_hallway, hangedman_vaults_stitches,
          vaults_room_fancy_cross, nicolae_vaults_theta,
          nicolae_vaults_border_crossing, layout_vaults_maze_bifur,
          serial_shops, nicolae_shop_tiny_statue_garden, shop
Vaults:4: gammafunk_ghost_tricky_traps, nicolae_vaults_variable_pillar_hall,
          nicolae_vaults_angled_halls, vaults_room_fancy_cross,
          hangedman_vaults_stream, ontoclasm_vaults_decontamination,
          nicolae_vaults_storage_room_water, nicolae_vaults_storage_closets_2,
          nicolae_vaults_little_squares_5, nicolae_vaults_hallways_thing,
          vaults_mumra_chevron, st_spiral_rooms, nicolae_vaults_diamond_2,
          v_misc_2, hangedman_vaults_stretched_pinwheel,
          nicolae_vaults_more_shelving_1, nicolae_vaults_closet_pinwheel_1,
          nicolae_vaults_tetromino_T_1, layout_vaults_big_cross, serial_shops,
          nicolae_shop_behind_doors
Vaults:5: serial_shops
Depths:1: layout_gridlike, enter_ziggurat_d, mu_enter_wizlab_2, serial_shops,
          nicolae_shop_advertising_works [nicolae_subvault_shop_adworks],
          grunt_mini_vestibule, abyss_entry, nemelex_spade_bored_becter,
          serial_bayou_shore_b
Depths:2: kennysheep_treasure_stockpile, layout_gridlike, abyss_entry,
          minmay_misc_feat_secret_circle, pan_entry, pf_hell_entry_tar_river,
          infiniplex_staircase_pillars_3a, serial_bayou_shore_b
Depths:3: minmay_glassy_protrusions, layout_cave_shapes, serial_column_ruins,
          column_ruins_portal_squares, column_ruins_courtyard_long,
          column_ruins_columns_straight, column_ruins_open_small,
          column_ruins_grid_3, column_ruins_grid_1, column_ruins_open_tiny,
          column_ruins_columns_corner, abyss_entry, rand_demon_pan_entry_1,
          nicolae_trove_entry_columns, grunt_hell_entry_dis_grunt,
          good_gods_mini_temple, infiniplex_staircase_star, firewood_loft,
          uniq_enchantress
Depths:4: lemuel_castle_with_subvaults [lemuel_castle_interior_carwin_1],
          layout_gridville, nrook_uturn, hellmouth_1, pan_entry,
          lemuel_statue_altar
Zot:1:    ebering_klown_carousel, layout_gridlike
Zot:2:    layout_misc_corridors
Zot:3:    kennysheep_blocky_room, layout_cathedral_of_symmetry
Zot:4:    hangedman_snap_crack_crunch, layout_onion, st_stairs_1
Zot:5:    layout_twisted_circle, hangedman_zot_decor_checkerboard
Pan:      rand_demon_9, layout_gridville, rand_demon_7, layout_small_grid,
          evilmike_mini_pan_V, layout_small_grid, uniq_ignacio

Skill      XL: |  1  2  3  4  5  6  7  8  9 10 11 12 13 14 15 16 17 18 19 20 21 22 23 24 25 26 27 |
---------------+----------------------------------------------------------------------------------+-----
Unarmed Combat | 3 4 5 6 8 10 12 14 16 20 23 24 27 | 27.0
Fighting       | 2 4 6 8 9 12 13 16 17 18 20 22 23 | 23.2
Shapeshifting  | 4 7 9 10 12 15 17 19 21 | 21.0
Dodging        | 4 6 8 9 12 | 12.0
Armour         | 4 7 10 15 16 | 16.0
Evocations     | 6 |  6.0
Shields        | 8 11 12 | 12.0

Action                     |  1- 3 |  4- 6 |  7- 9 | 10-12 | 13-15 | 16-18 | 19-21 | 22-24 | 25-27 || total
---------------------------+-------+-------+-------+-------+-------+-------+-------+-------+-------++-------
  Melee: Unarmed           |   130 |    42 |   292 |   448 |   963 |  1200 |  1556 |  1681 |  1722 ||  8034
         Punch             |       |     1 |     6 |    16 |    96 |   165 |       |       |     6 ||   290
         Tailslap          |       |       |       |       |       |   269 |   308 |   386 |   353 ||  1316
         Bite              |       |       |       |       |       |       |    14 |   280 |   281 ||   575
 Invoke: Serpent's Lash    |       |       |       |     3 |    16 |    24 |     5 |     4 |     1 ||    53
         Heavenly Storm    |       |       |       |       |     2 |     2 |     2 |     2 |     2 ||    10
Ability: Lunge             |     3 |     5 |    33 |    62 |   119 |   130 |   154 |   139 |   118 ||   763
         Whirlwind         |       |       |    34 |    54 |   262 |   315 |   503 |   628 |   468 ||  2264
         Wall Jump         |       |       |       |       |     1 |       |       |       |       ||     1
         Siphon Essence    |       |       |       |       |       |       |     2 |     1 |     3 ||     6
         Blinkbolt         |       |       |       |       |       |       |       |       |     1 ||     1
  Evoke: Wand              |       |       |     1 |       |       |     6 |     3 |     2 |     3 ||    15
    Use: Potion            |       |     1 |       |       |       |     5 |     1 |     4 |       ||    11
         Scroll            |       |       |    11 |    11 |     5 |     8 |     5 |     2 |     6 ||    48
   Stab: Sleeping          |     3 |       |       |       |       |       |     2 |       |       ||     5
         Distracted        |       |       |       |       |       |       |     1 |       |       ||     1
         Invisible         |       |       |       |       |       |       |       |     1 |       ||     1
 Armour: Animal skin       |    34 |       |       |       |       |       |       |       |       ||    34
         Ring mail         |     3 |     9 |    52 |    52 |    67 |       |       |       |       ||   183
         Skin              |       |     1 |       |       |       |     7 |    59 |       |       ||    67
         Chain mail        |       |       |       |       |   117 |   495 |   277 |   279 |       ||  1168
         Crystal plate arm |       |       |       |       |       |     8 |       |   301 |   590 ||   899
  Dodge: Dodged            |    68 |    18 |   155 |   263 |   532 |   660 |   385 |   373 |   324 ||  2778
  Block: Buckler           |       |       |    16 |    14 |       |     4 |    65 |       |       ||    99
         Kite shield       |       |       |       |       |       |       |   250 |   415 |   441 ||  1106
   Form: Blade             |       |       |       |     1 |     1 |       |       |       |       ||     2
         Death             |       |       |       |       |     1 |       |     2 |     1 |     1 ||     5
         Statue            |       |       |       |       |       |     1 |       |       |       ||     1
                           |       |       |       |       |       |       |     1 |     1 |       ||     2
         Storm             |       |       |       |       |       |       |       |       |     1 ||     1

Table legend: (Time is in decaauts)
 A = Elapsed time spent in this place.
 B = Non-inter-level travel time spent in this place.
 C = Inter-level travel time spent in this place.
 D = Time resting spent in this place.
 E = Time spent auto-exploring this place.
 F = Levels seen in this place.
 G = Mean time per level.
                   A        B        C        D        E       F      G
               +--------+--------+--------+--------+--------+-----+--------+
         Total |  56045 |  49276 |   6769 |   6330 |  28248 |  64 |  875.7 |
       Dungeon |  15218 |  12629 |   2589 |   1400 |   8818 |  15 | 1014.5 |
          Lair |   4883 |   3950 |    933 |    220 |   2796 |   5 |  976.6 |
         Swamp |   4204 |   4034 |    170 |    890 |   1990 |   4 | 1051.0 |
   Spider Nest |   4860 |   4490 |    370 |   1214 |   2180 |   4 | 1215.0 |
    Slime Pits |    923 |    831 |     92 |     46 |    163 |   5 |  184.6 |
  Orcish Mines |   1414 |   1227 |    187 |     18 |    947 |   2 |  707.0 |
   Elven Halls |   3773 |   3497 |    276 |    369 |   2023 |   3 | 1257.7 |
        Vaults |   7931 |   6698 |   1233 |    644 |   4013 |   5 | 1586.2 |
        Depths |   4969 |   4307 |    662 |    233 |   2512 |   4 | 1242.2 |
           Zot |   4645 |   4391 |    254 |    684 |   2378 |   5 |  929.0 |
         Abyss |    874 |    874 |      0 |      0 |     50 |   5 |  174.8 |
   Pandemonium |    893 |    893 |      0 |    133 |    274 |   3 |  297.7 |
       Ossuary |    255 |    255 |      0 |     53 |      0 |   1 |  255.0 |
      Ice Cave |    794 |    794 |      0 |    348 |      4 |   1 |  794.0 |
       Volcano |     89 |     89 |      0 |     36 |      0 |   1 |   89.0 |
      Gauntlet |    313 |    313 |      0 |     40 |     98 |   1 |  313.0 |
               +--------+--------+--------+--------+--------+-----+--------+

Top non-repeatable levels by time:
Vaults:1: 2679 daAuts
Spider:3: 2018 daAuts
   Elf:3: 1556 daAuts
    D:13: 1509 daAuts
Vaults:2: 1481 daAuts
    D:10: 1441 daAuts
    D:14: 1427 daAuts
    D:15: 1422 daAuts
Vaults:4: 1415 daAuts
Depths:1: 1393 daAuts
 Swamp:4: 1356 daAuts
     D:6: 1334 daAuts
Vaults:3: 1261 daAuts
Depths:2: 1244 daAuts
   Zot:3: 1232 daAuts
